Map: Overgrown Facility

Players

IIIChEvYIII

  • Race: Zerg Zerg
  • Spawn Location: 7:00

llllllllllll

  • Race: Zerg Zerg
  • League: Master
  • Spawn Location: 9:00

LOADBLASTER - Winner!

  • Race: Terran Terran
  • League: Master
  • Spawn Location: 3:00

PureLegacy - Winner!

  • Race: Terran Terran
  • Spawn Location: 1:00

VOD

Have the link to the VOD?

Description

Time

  • Played on: Nov. 26, 2018, 3:07 p.m.
  • Length: 7:13
Show
View Real Time Build Order
Export as new Build Order

IIIChEvYIII Zerg 

Build Orders: Hatch First 

Get SALT Encoding   

  12  0:01  Drone  
  13  0:15  Overlord  
  13  0:19  Drone  
  14  0:33  Drone x2  
  16  0:38  Drone  
  17  0:54  Hatchery  
  16  0:58  Drone  
  16  1:03  Extractor  
  17  1:04  Drone  
  17  1:18  Spawning Pool  
  16  1:20  Drone  
  16  1:25  Drone  
  18  1:31  Drone  
  19  1:41  Drone  
  20  1:53  Overlord  
  20  2:05  Queen  
  20  2:06  Zergling x2  
  20  2:07  Zergling x2  
  20  2:08  Queen  
  24  2:14  Metabolic Boost  
  26  2:19  Zergling x2  
  26  2:20  Zergling x2  
  28  2:30  Baneling Nest  
  28  2:33  Zergling x4  
  29  2:54  Zergling x8  
  33  2:59  Queen  
  33  3:03  Overlord  
  35  3:20  Zergling x2  
  35  3:21  Queen  
  35  3:25  Drone x4  
  42  3:38  Overlord  
  42  3:39  Zergling x4  
  44  3:52  Overlord  
  44  3:58  Drone x4  
  48  4:13  Drone  
  48  4:14  Drone  
  50  4:22  Spore Crawler  
  50  4:24  Spore Crawler, Drone, Hatchery  
  49  4:26  Drone  
  49  4:28  Drone  
  50  4:33  Drone x2  
  52  4:48  Drone  
  52  4:49  Drone x6  
  59  4:54  Lair  
  59  4:56  Extractor  
  57  5:03  Zergling x4  
  57  5:04  Overlord  
  59  5:12  Zergling x6  
  60  5:27  Zergling x12  
  63  5:35  Drone x4  
  67  5:37  Extractor  
  67  5:40  Drone, Extractor  
  66  5:45  Hatchery  
  57  5:54  Zergling x8  
  59  6:00  Zergling x4  
  54  6:12  Zergling x6  
  54  6:23  Drone  
  54  6:24  Drone x5  
  59  6:37  Zergling x4  
  61  6:46  Drone  
Show
View Real Time Build Order
Export as new Build Order

llllllllllll Zerg 

Build Orders: Hatch First 

Get SALT Encoding   

  12  0:01  Drone  
  13  0:12  Drone  
  14  0:17  Overlord  
  14  0:36  Drone x3  
  17  0:52  Drone  
  18  0:59  Hatchery  
  17  1:05  Extractor  
  16  1:15  Spawning Pool  
  16  1:18  Drone  
  16  1:21  Drone  
  17  1:25  Drone  
  17  1:30  Drone  
  19  1:40  Drone  
  20  1:52  Drone  
  21  2:02  Roach Warren, Queen  
  21  2:07  Overlord  
  22  2:17  Queen  
  25  2:22  Drone  
  25  2:27  Drone x2  
  26  2:42  Roach x2  
  29  2:45  Roach  
  29  2:49  Roach  
  33  2:56  Burrow  
  33  3:03  Roach  
  35  3:06  Overlord  
  35  3:19  Overlord  
  35  3:21  Drone  
  35  3:24  Queen  
  38  3:30  Roach  
  38  3:33  Drone  
  41  3:35  Drone  
  41  3:40  Roach  
  44  3:44  Drone  
  44  3:46  Drone  
  46  3:51  Roach  
  48  3:57  Overlord  
  48  4:03  Overlord  
  48  4:08  Drone  
  48  4:09  Drone  
  50  4:12  Drone  
  50  4:13  Drone  
  52  4:18  Drone  
  52  4:19  Drone  
  54  4:25  Drone  
  54  4:27  Spore Crawler, Drone  
  55  4:43  Roach, Hatchery  
  56  4:51  Roach x2  
  56  4:52  Roach  
  62  4:57  Roach  
  64  5:02  Overlord  
  64  5:06  Lair, Extractor  
  63  5:09  Roach  
  63  5:12  Roach  
  67  5:22  Roach  
  67  5:28  Roach  
  71  5:33  Overlord x2  
  71  5:34  Drone x3  
  71  5:35  Drone  
  75  5:38  Overlord  
  75  5:39  Extractor  
  74  5:48  Roach x2  
  76  5:53  Roach x2  
  74  5:58  Roach  
  74  6:00  Roach  
  73  6:05  Roach  
  75  6:15  Roach  
  73  6:26  Roach  
  67  6:35  Roach  
  67  6:36  Drone x4  
  73  6:43  Roach  
Show
View Real Time Build Order
Export as new Build Order

LOADBLASTER Terran - Winner!

Build Orders: Gas First Reaper Expand, Hellion Banshee 

Get SALT Encoding   

  12  0:01  SCV  
  13  0:13  SCV  
  14  0:20  Supply Depot  
  14  0:25  SCV  
  15  0:31  Refinery  
  15  0:41  SCV  
  16  0:46  Barracks  
  16  0:54  SCV  
  17  1:06  SCV  
  18  1:18  SCV  
  19  1:33  Reaper, Orbital Command  
  20  1:52  Command Center  
  20  2:00  SCV  
  21  2:07  Factory  
  21  2:08  Barracks Reactor  
  21  2:12  SCV  
  22  2:18  Supply Depot  
  22  2:25  SCV  
  22  2:27  Refinery  
  23  2:40  SCV  
  23  2:52  SCV  
  23  2:54  Starport  
  23  2:58  Barracks Tech Lab  
  24  2:59  Hellion  
  24  3:00  Hellion  
  28  3:06  Orbital Command  
  28  3:09  SCV  
  29  3:21  Hellion, SCV  
  29  3:22  Hellion  
  34  3:33  SCV  
  35  3:36  Banshee  
  35  3:40  Fusion Core  
  38  3:41  SCV  
  38  3:45  Hellion  
  41  3:50  Supply Depot  
  41  3:51  SCV  
  41  3:53  SCV  
  43  4:01  Hellion  
  45  4:03  SCV  
  45  4:09  Supply Depot  
  46  4:11  Hellion, SCV  
  46  4:15  SCV  
  50  4:23  SCV  
  51  4:27  SCV  
  52  4:32  Supply Depot  
  52  4:34  Battlecruiser  
  52  4:36  SCV  
  59  4:39  SCV  
  60  4:51  Command Center  
  60  4:52  SCV  
  61  4:53  SCV  
  62  5:01  Weapon Refit  
  62  5:05  Refinery x2  
  62  5:11  SCV  
  63  5:14  SCV  
  63  5:19  Supply Depot  
  64  5:21  Supply Depot  
  64  5:23  SCV  
  64  5:25  Starport  
  64  5:27  SCV  
  66  5:31  Hellion  
  69  5:35  SCV  
  69  5:39  SCV  
  70  5:44  Supply Depot  
  70  5:47  SCV  
  71  5:51  SCV  
  72  5:58  Battlecruiser  
  72  5:59  SCV  
  72  6:02  Starport Tech Lab  
  79  6:09  Hellion x2  
  79  6:11  SCV  
  84  6:18  SCV  
  76  6:23  SCV  
  68  6:28  Orbital Command  
  77  6:33  Hellion x2, SCV  
  77  6:35  SCV  
  79  6:45  SCV  
  80  6:47  SCV  
  80  6:50  Supply Depot  
  85  6:54  SCV  
  85  6:57  Refinery x2  
  85  6:58  SCV  
  85  6:59  SCV  
Show
View Real Time Build Order
Export as new Build Order

PureLegacy Terran - Winner!

Build Orders:  

Get SALT Encoding   

  12  0:03  SCV  
  13  0:15  SCV  
  13  0:20  Supply Depot  
  14  0:27  SCV  
  15  0:33  Refinery  
  15  0:42  SCV  
  16  0:47  Barracks  
  16  0:54  SCV  
  17  1:03  Barracks  
  17  1:17  Barracks  
  17  1:22  SCV  
  18  1:35  Reaper  
  19  1:42  Orbital Command  
  19  1:50  Refinery  
  19  1:51  Reaper  
  20  2:04  Supply Depot  
  20  2:05  Reaper  
  21  2:11  Reaper  
  21  2:13  SCV  
  23  2:26  Reaper, SCV  
  23  2:29  Supply Depot  
  25  2:40  Reaper  
  25  2:43  Reaper  
  27  2:57  SCV  
  27  2:58  Reaper  
  29  3:10  Command Center  
  29  3:12  Reaper  
  29  3:14  SCV  
  29  3:17  Reaper  
  32  3:29  Barracks  
  32  3:31  Reaper  
  33  3:39  Barracks  
  33  3:41  SCV  
  33  3:45  Reaper  
  35  3:50  Reaper  
  36  3:56  Engineering Bay  
  36  4:04  Reaper  
  37  4:10  Supply Depot  
  37  4:11  SCV  
  38  4:17  Reaper  
  38  4:22  Reaper  
  38  4:23  Reaper  
  41  4:34  Terran Infantry Weapons Level 1  
  41  4:35  Orbital Command  
  41  4:45  Reaper  
  42  4:50  Refinery  
  42  4:51  Refinery, SCV  
  43  4:55  Reaper  
  44  5:03  Reaper, SCV  
  46  5:11  Reaper  
  46  5:14  SCV  
  48  5:15  SCV  
  48  5:20  Reaper  
  50  5:27  Reaper  
  51  5:30  Reaper  
  51  5:31  SCV x2  
  54  5:37  Reaper  
  55  5:43  Reaper, SCV  
  56  5:53  Reaper  
  56  5:59  Reaper  
  56  6:02  Reaper  
  56  6:03  Barracks  
  54  6:04  Barracks  
  54  6:09  Reaper  
  54  6:12  Barracks  
  54  6:16  Reaper  
  54  6:17  SCV  
  54  6:18  SCV  
  57  6:31  Reaper  
  56  6:35  Reaper x2  
  62  7:07  Supply Depot x2  
Tags
 
Add a new tag
Caveats
  • Supply blocks, unpowered buildings, or Contaminate may cause inaccurate times.
  • Supply counts are checked every 10 seconds.